 Dungeon Crawl Stone Soup version 0.31-a0-667-g39726597b9 (webtiles) character file.

Game seed: 6552939615768991353

2643 DarkabusHale the Cudgeller (level 9, 0/48 HPs)
             Began as a Vine Stalker Fighter on Sept 4, 2023.
             Was an Initiate of Qazlal.
             Slain by a vampire mosquito (8 damage)
             ... on level 8 of the Dungeon.
             The game lasted 00:21:23 (5701 turns).

DarkabusHale the Cudgeller (Vine Stalker Fighter)   Turns: 5701, Time: 00:21:23

Health: 0/48       AC: 11    Str: 24    XL:     9   Next: 62%
Magic:  0/10       EV: 24    Int:  8    God:    Qazlal [......]
Gold:   298        SH:  6    Dex: 22    Spells: 8/8 levels left

rFire   . . .        C - +9 hammer of the Eel {freeze, Str+4}
rCold   + + .        c - +0 buckler
rNeg    . . .        t - +2 scale mail {rC+}
rPois   .            (no helmet)
rElec   +            G - +0 cloak
rCorr   .            (no gloves)
SInv    +            x - +0 pair of boots
Will    +....        A - amulet of the acrobat Stlth
                     u - ring "Igruiz" {*Slow rElec rC+ Dex+5}
HPRegen 1.08/turn    y - ring of see invisible
MPRegen 0.12/turn

%: slow self (1%), acrobat, guardian spirit
@: acrobatic, hasted, very quick
A: fangs 3, regeneration 1, magic shield, antimagic bite, no potion heal 2
a: Renounce Religion


You were on level 8 of the Dungeon.
You worshipped Qazlal.
Qazlal was noncommittal.
You visited 2 branches of the dungeon, and saw 9 of its levels.

You collected 298 gold pieces.

Inventory:

Hand Weapons
 w - a +4 hand axe
 C - the +9 hammer of the Eel (weapon) {freeze, Str+4}
   (You found it on level 7 of the Dungeon)

   Str+4:     It affects your strength (+4).
 D - a +1 hammer of draining
Armour
 c - a +0 buckler (worn)
 r - a +1 ring mail of fire resistance
 t - a +2 scale mail of cold resistance (worn)
 x - a +0 pair of boots (worn)
 E - an orb of guile
 G - a +0 cloak (worn)
Jewellery
 u - the ring "Igruiz" (left hand) {*Slow rElec rC+ Dex+5}
   (You found it on level 4 of the Dungeon)

   [ring of protection from cold]

   Dex+5:     It affects your dexterity (+5).
   rC+:       It protects you from cold.
   rElec:     It insulates you from electricity.
   *Slow:     It may slow you when you take damage.
 y - a ring of see invisible (right hand)
 A - an amulet of the acrobat (around neck)
Talismans
 b - a beast talisman
 p - a flux talisman
Wands
 a - a wand of paralysis (9)
Scrolls
 g - 2 scrolls of fog {unknown}
 h - 6 scrolls of identify {unknown}
 i - a scroll of fear {unknown}
 k - 2 scrolls of vulnerability {unknown}
 l - 2 scrolls of silence {unknown}
 n - 3 scrolls of poison {unknown}
 o - a scroll of blinking {unknown}
 s - 3 scrolls of teleportation {unknown}
 v - a scroll of enchant weapon {unknown}
Potions
 d - 2 potions of might
 e - 2 potions of heal wounds {unknown}
 f - a potion of magic {unknown}
 j - 2 potions of curing
 m - 2 potions of attraction {unknown}
 q - 3 potions of haste
 z - a potion of mutation {unknown}
 F - a potion of invisibility {unknown}


   Skills:
 + Level 5.9 Fighting
 - Level 4.1(5.8) Axes
 * Level 6.1(6.8) Maces & Flails
 + Level 5.3 Armour
 + Level 5.9 Shields


You had 8 spell levels left.
You didn't know any spells.
Your spell library contained the following spells:

 Spells                   Type           Power      Damage    Failure   Level
 Apportation              Tloc           0%         N/A       75%         1
 Shock                    Conj/Air       0%         1d3       75%         1
 Slow                     Hex            0%         N/A       75%         1
 Confusing Touch          Hex            0%         N/A       98%         3
 Hailstorm                Conj/Ice       0%         3d3       98%         3
 Summon Guardian Golem    Hex/Summ       0%         N/A       98%         3
 Swiftness                Air            0%         N/A       98%         3
 Vampiric Draining        Necr           0%         2d6       98%         3
 Airstrike                Air            0%         2d(0-16)  100%        4
 Summon Ice Beast         Ice/Summ       0%         N/A       100%        4
 Alistair's Intoxication  Tmut/Pois      0%         N/A       100%        5
 Simulacrum               Ice/Necr       0%         N/A       100%        6
 Orb of Destruction       Conj           0%         9d5       100%        7
 Spellforged Servitor     Conj/Summ      0%         N/A       100%        7
 Chain Lightning          Conj/Air       0%         N/A       100%        9
 Fire Storm               Conj/Fire      0%         5d1       100%        9
 Shatter                  Erth           0%         3d5*      100%        9


Dungeon Overview and Level Annotations

Branches:
Dungeon (8/15)             Temple (1/1) D:7
   Lair: D:8-11

Altars:
Ashenzari
Cheibriados
Dithmenos
Elyvilon
Fedhas
Gozag
Hepliaklqana
Kikubaaqudgha
Makhleb
Nemelex Xobeh
Okawaru
Qazlal
Ru
Sif Muna
Trog
Vehumet
Wu Jian
Xom
Yredelemnul
Zin
The Shining One

Shops:
D:7 *

Annotations:
D:7 1 runed translucent door, AdnanSaban's ghost, novice GrFi


Innate Abilities, Weirdness & Mutations

You have razor-sharp teeth.
Your natural rate of healing is unusually fast.
When hurt, damage is shared between your health and your magic reserves.
Your bite disrupts and absorbs the magic of your enemies.
Potions cannot restore your health.


Message History

The vampire mosquito resists with some effort.
The vampire mosquito bites you but does no damage.
The vampire mosquito bites you.
* * * LOW HITPOINT WARNING * * *
The vampire mosquito draws strength from your injuries!
The vampire mosquito bites you but does no damage.
It was a potion of haste.
You feel yourself speed up.
You feel yourself speed up.
You block the vampire mosquito's attack.
The vampire mosquito completely misses you.
The vampire mosquito bites you.
* * * LOW HITPOINT WARNING * * *
The vampire mosquito draws strength from your injuries!
The vampire mosquito bites you.
* * * LOW HITPOINT WARNING * * *
The vampire mosquito draws strength from your injuries!
The vampire mosquito attacks as it pursues you!
The vampire mosquito bites you.
* * * LOW HITPOINT WARNING * * *
The vampire mosquito draws strength from your injuries!
The vampire mosquito attacks as it pursues you!
You block the vampire mosquito's attack.
The vampire mosquito misses you.
The vampire mosquito attacks as it pursues you!
The vampire mosquito closely misses you.
It was a potion of curing.
That felt strangely inert.
You block the vampire mosquito's attack.
The vampire mosquito bites you.
* * * LOW HITPOINT WARNING * * *
The vampire mosquito draws strength from your injuries!
The vampire mosquito bites you!
* * * LOW HITPOINT WARNING * * *
The vampire mosquito draws strength from your injuries!
The vampire mosquito attacks as it pursues you!
The vampire mosquito completely misses you.
The vampire mosquito attacks as it pursues you!
The vampire mosquito closely misses you.
The vampire mosquito attacks as it pursues you!
The vampire mosquito bites you!
You die...

#..y..#........#.##
#####y#.##.........
#.....#.##.######.#
#.#####.##.# #y#
#.##.# #y# #.##.#
#.# #.##.#
#y#####.##.######
#..y@...##.#<...#
#######.##.####.#
####.##...#
#.##.### #.)..#
#.#### #.# ###


You could see 2 vampire mosquitoes.

Vanquished Creatures
  Joseph (D:7)
  Jeremiah (D:7)
  A steam dragon (D:7)
  A vampire mosquito (D:8)
  Menkaure (D:7)
  2 black bears (D:7)
  An ice beast (D:8)
  An ogre (D:4)
  2 kobold brigands
  Blork the orc (D:6)
  2 scorpions
  4 howler monkeys
  4 jellies
  Crazy Yiuf (D:7)
  4 orc priests
  2 hounds (D:5)
  A sleepcap (D:5)
  A gnoll bouda (D:7)
  4 iguanas
  5 orc wizards
  3 gnolls (D:7)
  3 adders
  A shadow imp (D:7)
  A white imp (D:6)
  5 worms
  4 dart slugs
  29 orcs
  4 endoplasms
  4 giant cockroaches
  10 goblins
  8 hobgoblins
  9 jackals (D:1)
  14 kobolds
  6 quokkas
  10 ball pythons
  3 bats (D:1)
  5 frilled lizards
  3 rats (D:1)
162 creatures vanquished.

Notes
Turn   | Place    | Note
-------+----------+-------------------------------------------
     0 | D:1      | DarkabusHale the Vine Stalker Fighter began the quest for
                  | the Orb.
     0 | D:1      | Reached XP level 1. HP: 11/11 MP: 2/2
   103 | D:1      | Reached skill level 2 in Maces & Flails
   111 | D:1      | Reached XP level 2. HP: 16/16 MP: 1/3
   198 | D:1      | Found a faded altar of an unknown god.
   283 | D:1      | Reached XP level 3. HP: 19/19 MP: 4/4
   934 | D:2      | Reached XP level 4. HP: 24/24 MP: 5/5
  1320 | D:3      | Found a sacrificial altar of Ru.
  1458 | D:3      | Reached skill level 3 in Maces & Flails
  1494 | D:3      | Reached XP level 5. HP: 23/28 MP: 3/6
  2238 | D:4      | Identified the ring "Igruiz" {*Slow rElec rC+ Dex+5}
  2294 | D:4      | Noticed an ogre
  2438 | D:4      | Killed an ogre
  2439 | D:4      | Reached XP level 6. HP: 32/32 MP: 7/7
  2450 | D:4      | Reached skill level 4 in Maces & Flails
  2693 | D:5      | Entered Level 5 of the Dungeon
  2856 | D:5      | Reached skill level 1 in Axes
  2896 | D:5      | Reached XP level 7. HP: 37/37 MP: 6/8
  3695 | D:6      | Noticed Blork the orc
  3704 | D:6      | Killed Blork the orc
  3850 | D:6      | Found an ancient bone altar of Kikubaaqudgha.
  4085 | D:6      | Found a blossoming altar of Fedhas.
  4291 | D:6      | Gained mutation: You have razor-sharp teeth. [Vine Stalker
                  | growth]
  4291 | D:6      | Reached XP level 8. HP: 41/42 MP: 9/9
  4450 | D:7      | Found a bloodstained altar of Trog.
  4450 | D:7      | Noticed Jeremiah
  4622 | D:7      | Found Rannab's Assorted Antiques.
  4682 | D:7      | Noticed Menkaure
  4691 | D:7      | Killed Menkaure
  4701 | D:7      | Identified the +9 hammer of the Eel {freeze, Str+4}
  4720 | D:7      | Found a runed translucent door.
  4721 | D:7      | Noticed Crazy Yiuf
  4737 | D:7      | Found a runed translucent door.
  4742 | D:7      | Noticed AdnanSaban's ghost (novice GrFi)
  4860 | D:7      | Killed Jeremiah
  4861 | D:7      | Reached skill level 5 in Fighting
  4861 | D:7      | Reached skill level 5 in Shields
  5060 | D:7      | Noticed Joseph
  5079 | D:7      | Killed Joseph
  5080 | D:7      | Reached skill level 5 in Maces & Flails
  5080 | D:7      | Reached XP level 9. HP: 31/47 MP: 5/10
  5081 | D:7      | Reached skill level 5 in Armour
  5210 | D:7      | Found a staircase to the Ecumenical Temple.
  5218 | Temple   | Entered the Ecumenical Temple
  5319 | Temple   | Became a worshipper of Qazlal Stormbringer
  5455 | D:7      | Killed Crazy Yiuf
  5660 | D:8      | Reached skill level 6 in Maces & Flails
  5701 | D:8      | Slain by a vampire mosquito

Illustrated notes

Levels and vault maps discovered:
D:1:      dpeg_arrival_arbitrary_b, layout_basic,
          shapermc_ecumenical_altar_petra
D:2:      layout_basic
D:3:      layout_basic, mainiacjoe_overflow_catwalk
D:4:      layout_rooms, hex_tiny
D:5:      layout_loops_corners, corexii_item_surrounded_by_moat,
          minmay_misc_feat_more_columns
D:6:      layout_basic, nicolae_overflow_crystal_walls, fedhas_ov_isle_minmay,
          uniq_blork_the_orc
D:7:      layout_loops_ring, mainiacjoe_overflow_concentric_impassable,
          minmay_temple_entry_tees, serial_shops, shop,
          ebering_ghost_reflecting_pool, uniq_menkaure, uniq_jeremiah,
          uniq_crazy_yiuf_cottage, uniq_joseph
D:8:      minmay_the_grid_octo_triangle [minmay_the_grid_octo_chip,
          minmay_the_grid_octo_prize_ultimate_mussel_roller,
          minmay_the_grid_octo_clover], layout_basic, lightli_church_of_beogh,
          uniq_amaemon
Temple:   sentei_temple_godly_chess

Skill      XL: |  1  2  3  4  5  6  7  8  9 |
---------------+----------------------------+-----
Maces & Flails | 2 3 4 5 6 |  6.1
Fighting       | 3 4 5 |  5.9
Shields        | 3 4 5 |  5.9
Armour         | 3 4 5 |  5.3
Axes           | 1 3 4 |  4.1

Action                     |  1- 3 |  4- 6 |  7- 9 || total
---------------------------+-------+-------+-------++-------
  Melee: Flail             |    91 |   156 |       ||   247
         Bite              |    21 |    44 |    56 ||   121
         Hand axe          |       |    21 |   108 ||   129
         Mace              |       |       |    80 ||    80
  Evoke: Wand              |       |       |     1 ||     1
    Use: Potion            |       |       |     2 ||     2
 Armour: Scale mail        |    72 |    70 |   143 ||   285
         Ring mail         |       |    42 |       ||    42
  Dodge: Dodged            |    53 |    66 |    83 ||   202
  Block: Buckler           |    25 |    41 |    56 ||   122

Table legend: (Time is in decaauts)
 A = Elapsed time spent in this place.
 B = Non-inter-level travel time spent in this place.
 C = Inter-level travel time spent in this place.
 D = Time resting spent in this place.
 E = Time spent auto-exploring this place.
 F = Levels seen in this place.
 G = Mean time per level.
                   A        B        C        D        E       F      G
               +--------+--------+--------+--------+--------+-----+--------+
         Total |   5797 |   5658 |    139 |     42 |   4226 |   9 |  644.1 |
       Dungeon |   5691 |   5552 |    139 |     42 |   4226 |   8 |  711.4 |
        Temple |    106 |    106 |      0 |      0 |      0 |   1 |  106.0 |
               +--------+--------+--------+--------+--------+-----+--------+

Top non-repeatable levels by time:
     D:3: 1059 daAuts
     D:5: 1019 daAuts
     D:7: 1011 daAuts
     D:6: 684 daAuts
     D:2: 630 daAuts
     D:1: 619 daAuts
     D:4: 447 daAuts
     D:8: 219 daAuts
  Temple: 106 daAuts
